 Dungeon Crawl Stone Soup version 0.13.0 (webtiles) character file.

221 Deemzul the Ruffian (level 4, -25/27 HPs)
             Began as a Gargoyle Monk on Oct 12, 2013.
             Annihilated by an ogre
             ... wielding a +0,+0 giant club
              (31 damage)
             ... on Level 4 of the Dungeon.
             The game lasted 00:03:43 (1656 turns).

Deemzul the Ruffian (Gargoyle Monk)                 Turns: 1656, Time: 00:03:43

HP -25/27        AC  8     Str 15      XL: 4   Next: 97%
MP   3/3         EV  9     Int 11      God:
Gold 107         SH  0     Dex 12      Spells:  0 memorised,  3 levels left

Res.Fire  : . . .   See Invis. : .     - Unarmed
Res.Cold  : . . .   Warding    : .   o - +0 ring mail
Life Prot.: + . .   Conserve   : .   (no shield)
Res.Poison: +       Res.Corr.  : .   (no helmet)
Res.Elec. : +       Clarity    : .   (no cloak)
Sust.Abil.: . .     Spirit.Shd : .   (no gloves)
Res.Mut.  : .       Stasis     : .   (no boots)
Res.Rott. : +       Flight     : .   (no amulet)
Saprovore : . . .                    (no ring)
                                     (no ring)

@: slightly resistant to hostile enchantments, unstealthy
A: fangs 1, talons 2, life protection 1, electricity resistance, slow metabolism
1, unbreathing, petrification resistance, AC +3
a: no special abilities


You were on level 4 of the Dungeon.
You were not hungry.

You visited 1 branch of the dungeon, and saw 4 of its levels.

You collected 107 gold pieces.

Inventory:

Missiles
 j - 16 poisoned needles
Armour
 o - a +0 ring mail (worn)
Comestibles
 b - 2 bread rations
 i - a meat ration
 m - an apple
 r - 3 chunks of jackal flesh
Scrolls
 a - a scroll of blinking {unknown}
 d - a scroll of teleportation {unknown}
 f - a scroll of magic mapping {unknown}
 g - a scroll of remove curse {unknown}
 l - 3 scrolls of recharging {unknown}
 p - 3 scrolls of identify {unknown}
 q - a scroll of curse armour {unknown}
Potions
 c - a potion of restore abilities {unknown}
 e - 2 potions of heal wounds {unknown}
 h - 2 potions of brilliance {unknown}
 k - 2 potions of speed {unknown}
 n - a potion of magic {unknown}


   Skills:
 - Level 3.2 Fighting
 - Level 2.4 Dodging
 - Level 2.1 Stealth
 * Level 6.7 Unarmed Combat


You had 3 spell levels left.
You didn't know any spells.

Dungeon Overview and Level Annotations

Branches:
Dungeon (4/27)
 Temple: D:4-7

Altars:
Elyvilon


Innate Abilities, Weirdness & Mutations

You are resistant to torment.
You are immune to poison.
Your stone body is very resilient (AC +3).
You have very sharp teeth.
You have razor-sharp toenails.
You resist negative energy.
You are resistant to electric shocks.
You have a slow metabolism.
You can survive without breathing.
You are immune to petrification.


Message History

You hit the ogre but do no damage.
The ogre is moderately wounded.
The ogre barely misses you.
You punch the ogre! You claw the ogre, but do no damage.
The ogre is heavily wounded.
The ogre barely misses you.
You hit the ogre but do no damage. Your kick misses the ogre.
You bite the ogre.
The ogre is heavily wounded.
You barely miss the ogre.
The ogre is heavily wounded.
The ogre hits you with a giant club!
* * * LOW HITPOINT WARNING * * *
You punch the ogre!
The ogre is almost dead.
The ogre hits you with a giant club.
* * * LOW HITPOINT WARNING * * *
The ogre hits you with a giant club!
Ouch! That really hurt!
You die...

#.####.......# #.....###....(.
########'### ##.# #..........#
#..........# #..........# #
#..........#
#####.###########...########.#
........<.)..@........>.......
.####.##)###O###.##.#.########
#.# #.###....#....#
#.###....#####.##.#
#.........#.......#
#######...#.##.####
#.....#.....# #.#########.#
#.# #


You could see an ogre.

Vanquished Creatures
  5 adders
  An inept item mimic (D:2)
  A worm (D:3)
  An ooze (D:1)
  An orc (D:3)
  A ball python (D:1)
  3 giant cockroaches
  13 hobgoblins
  3 jackals (D:3)
  4 kobolds
  A quokka (D:2)
  A bat (D:1)
  5 giant newts
  9 goblins
  4 rats
53 creatures vanquished.

Notes
Turn   | Place    | Note
--------------------------------------------------------------
     0 | D:1      | Deemzul, the Gargoyle Monk, began the quest for the Orb.
     0 | D:1      | Reached XP level 1. HP: 12/12 MP: 0/0
   192 | D:1      | Reached XP level 2. HP: 14/17 MP: 1/1
   331 | D:1      | Reached skill level 5 in Unarmed Combat
   696 | D:2      | Reached XP level 3. HP: 16/22 MP: 2/2
  1183 | D:2      | Reached skill level 6 in Unarmed Combat
  1183 | D:2      | Reached XP level 4. HP: 13/27 MP: 3/3
  1471 | D:3      | Found a white marble altar of Elyvilon.
  1618 | D:4      | Noticed an ogre
  1656 | D:4      | Annihilated by an ogre

Action                   |  1- 3 |  4- 6 || total
-------------------------+-------+-------++-------
Melee: Unarmed           |    94 |    73 ||   167
 Stab: Sleeping          |     1 |       ||     1
